 Dungeon Sprint DCSS version 0.30.0-29-ga12c61a403 (webtiles) character file.

Game seed: 1611254758980142633

13160 Revguard the Fighter (level 12, -4/107 HPs)
             Began as a Human Fighter on June 7, 2023.
             Was an Elder of Zin.
             Slain by a spriggan berserker
             ... wielding a +0 war axe
              (10 damage)
             ... in the Dungeon (Sprint V: "Ziggurat Sprint").
             The game lasted 00:11:50 (714 turns).

Revguard the Fighter (Human Fighter)                 Turns: 714, Time: 00:11:50

Health: -4/107     AC: 35    Str: 18    XL:     12   Next: 29%
Magic:  21/21      EV:  9    Int: 10    God:    Zin [****..]
Gold:   0          SH: 31    Dex: 17    Spells: 11/11 levels left

rFire   + + .        D - +11 Screaming Sword {sonic wave}
rCold   . . .        G - +18 shield of the Gong {Loud rN+ Will+ rCorr EV-5}
rNeg    + . .        F - +15 Maxwell's patent armour {-Cast -Tele rElec Will+ rCorr}
rPois   .            R - +2 helmet of the Sun {-Cast rF+ Str+2 Stlth+}
rElec   +            (no cloak)
rCorr   +            (no gloves)
SInv    .            n - +2 pair of slick slippers {slick, slippery, EV+4}
Will    +++..        J - amulet of regeneration Stlth
                     L - ring "Suohoseck" {rF+ Will+}
HPRegen 1.17/turn    E - +4 ring of slaying
MPRegen 0.17/turn

%: no teleportation, no spellcasting
@: lethally poisoned (-4 -> -5), on recite cooldown, slowed, studying 2 skills,
very slow
A: no striking features
a: Renounce Religion, Recite, Vitalisation, Imprison, Donate Gold


You were in the Dungeon.
You worshipped Zin.
Zin was greatly pleased with you.
You visited 1 branch

Inventory:

Hand Weapons
 D - the +11 Screaming Sword (weapon) {sonic wave}
   (You found it in the Dungeon)
Armour
 n - the +2 pair of slick slippers (worn) {slick, slippery, EV+4}
   (You found it in the Dungeon)

   Slick:     Its wearer cannot be constricted, engulfed, netted or webbed.
   Slippery:  Its wearer slips away from damaging melee attacks, pulling the
   attacker onward.
   EV:        It affects your evasion (+4).
 F - the +15 Maxwell's patent armour (worn) {-Cast -Tele rElec Will+ rCorr}
   (You found it in the Dungeon)

   rElec:     It insulates you from electricity.
   -Cast:     It prevents spellcasting.
   -Tele:     It prevents most forms of teleportation.
   rCorr:     It protects you from acid and corrosion.
   Will:      It increases your willpower.
 G - the +18 shield of the Gong (worn) {Loud rN+ Will+ rCorr EV-5}
   (You found it in the Dungeon)

   Loud:      It is deafeningly noisy when blocking attacks.
   EV:        It affects your evasion (-5).
   rN:        It protects you from negative energy.
   rCorr:     It protects you from acid and corrosion.
   Will:      It increases your willpower.
 R - the +2 helmet of the Sun (worn) {-Cast rF+ Str+2 Stlth+}
   (You found it in the Dungeon)

   Str:       It affects your strength (+2).
   rF:        It protects you from fire.
   -Cast:     It prevents spellcasting.
   Stlth:     It makes you more stealthy.
Jewellery
 E - a +4 ring of slaying (right hand)
 H - the ring "Angeh" {Int+4 SInv}
   (You found it in the Dungeon)

   [ring of see invisible]

   Int:       It affects your intelligence (+4).
   SInv:      It lets you see invisible.
 J - an amulet of regeneration (around neck)
 L - the ring "Suohoseck" (left hand) {rF+ Will+}
   (You found it in the Dungeon)

   [ring of willpower]

   rF:        It protects you from fire.
   Will:      It increases your willpower.
 M - the ring "Rysmupit" {rElec Will+}
   (You found it in the Dungeon)

   [ring of willpower]

   rElec:     It insulates you from electricity.
   Will:      It increases your willpower.
Wands
 z - a wand of charming (8)
 A - a wand of mindburst (7)
 B - a wand of iceblast (16)
 C - a wand of quicksilver (7)
 K - a wand of flame (7)
Scrolls
 j - 4 scrolls of blinking
 o - 4 scrolls of amnesia
 p - 8 scrolls of fog
 q - 5 scrolls of identify
 r - 2 scrolls of fear
 P - 4 scrolls of enchant armour
Potions
 d - 6 potions of might
 e - 10 potions of curing
 f - 12 potions of heal wounds
 g - 6 potions of haste
 h - 7 potions of magic
 i - 3 potions of berserk rage
 k - 2 potions of brilliance
 l - 2 potions of invisibility
 m - 4 potions of resistance
Miscellaneous
 a - a condenser vane


   Skills:
 + Level 14.3 Fighting
 + Level 12.2 Long Blades
 + Level 11.9 Armour
 + Level 11.4 Dodging
 + Level 12.0 Shields
 + Level 12.5 Invocations
 + Level 11.5 Evocations


You had 11 spell levels left.
You didn't know any spells.
Your spell library contained the following spells:

 Spells                   Type           Power      Damage    Failure   Level
 Ensorcelled Hibernation  Hex/Ice        0%         N/A       100%        2
 Poisonous Vapours        Pois/Air       0%         N/A       100%        2
 Mephitic Cloud           Conj/Pois/Air  0%         N/A       100%        3
 Spider Form              Tmut/Pois      0%         N/A       100%        3
 Vhi's Electric Charge    Tloc/Air       0%         N/A       100%        3
 Anguish                  Hex/Necr       0%         N/A       100%        4
 Ice Form                 Ice/Tmut       0%         N/A       100%        4
 Summon Ice Beast         Ice/Summ       0%         N/A       100%        4
 Alistair's Intoxication  Tmut/Pois      0%         N/A       100%        5
 Arcjolt                  Conj/Air       0%         1d10      100%        5
 Blade Hands              Tmut           0%         N/A       100%        5
 Freezing Cloud           Conj/Ice/Air   0%         6-21      100%        5
 Summon Mana Viper        Hex/Summ       0%         N/A       100%        5
 Yara's Violent Unravell  Hex/Tmut       0%         3d3       100%        5
 Monstrous Menagerie      Summ           0%         N/A       100%        7
 Maxwell's Capacitive Co  Air            0%         ∞         100%        8


Dungeon Overview and Level Annotations

Branches:
Dungeon (1/1)

Altars:
Ashenzari
Cheibriados
Dithmenos
Elyvilon
Fedhas
Gozag
Hepliaklqana
Kikubaaqudgha
Makhleb
Nemelex Xobeh
Okawaru
Qazlal
Ru
Sif Muna
Trog
Uskayaw
Vehumet
Wu Jian
Xom
Yredelemnul
Zin
The Shining One
Jiyva
Lugonu

Annotations:
D 1 transporter


Message History

You kill the black mamba!
The komodo dragon is almost dead. "...did Zin not decree that to be blasphemous was wrong?"
You finish reciting Anathema 23:32. "Thus shall it ever be."
You feel very sick.
The spriggan berserker hits you with a +0 war axe!!!
* * * LOW HITPOINT WARNING * * *
You slip backwards!
You block the water moccasin's attack.
GONNNNG!
The spriggan berserker hits you with a +0 war axe!
* * * LOW HITPOINT WARNING * * *
You slip backwards!
Your Fighting skill increases to level 14!
Your Long Blades skill increases to level 12!
Your Shields skill increases to level 12!
You feel much better.
You feel very sick.
You block the spriggan berserker's attack.
BONNNG!
You block the water moccasin's attack.
GONNNNG!
You block the spriggan berserker's attack.
BONNNG!
You block the water moccasin's attack.
GONNNNG!
You miss the spriggan berserker.
The spriggan berserker is heavily wounded.
You feel sick.
You block the spriggan berserker's attack.
PTOANNNG!
You block the water moccasin's attack.
GONNNNG!
The komodo dragon bites you!!
* * * LOW HITPOINT WARNING * * *
The spriggan berserker hits you but does no damage.
You block the water moccasin's attack.
SHROANNG!
The komodo dragon bites you but does no damage.
The spriggan berserker hits you with a +0 war axe!
You die...

▓...)) ▓.....
▓▓▓▓▓▓▓▓▓▓▓▓▓.▓...
▓....8©8....▓....©
▓..?|:[))/..▓▓▓▓▓▓
▓...//)[)...▓...8©
▓...........▓..[[|
▓.l.........▓...|.
▓@SY........▓.....
▓.iw[.......▓.....
▓...........▓....†
▓..▓.....▓..▓.....
▓...........▓.▓...
▓.....©.....▓....©
▓▓▓▓▓▓▓▓▓▓▓▓▓▓▓▓▓▓
▓...8©8...▓...8©8.
▓...|...).▓..))[)|


You could see an elephant, a torpor snail, a spriggan berserker (berserk), a
komodo dragon and a water moccasin.

Vanquished Creatures
  A tentacled starspawn (D)
  A cacodemon (D)
  A stone giant (D)
  A spriggan air mage (D)
  A two-headed ogre (D)
  A thrashing horror (D)
  A large abomination (D)
  A wretched star (D)
  An orc knight (D)
  An orc sorcerer (D)
  2 cyclopes (D)
  A worldbinder (D)
  2 black mambas (D)
  2 cane toads (D)
  A troll (D)
  3 merfolk (D)
  A dream sheep (D)
  3 wind drakes (D)
  A blink frog (D)
  Sigmund (D)
  A neqoxec (D)
  5 hell hounds (D)
  Duvessa (D)
  2 nagas (D)
  A water moccasin (D)
  6 black bears (D)
  3 ogres (D)
  2 wolves (D)
  A centaur (D)
  A phantom (D)
  A necrophage (D)
  Blork the orc (D)
  A wight (D)
  Dowan (D)
  2 quasits (D)
  2 orc priests (D)
  Crazy Yiuf (D)
  Jessica (D)
  An orc wizard (D)
  2 adders (D)
  2 shadow imps (D)
  4 white imps (D)
  2 ufetubi (D)
  An adder zombie (D)
  3 adder skeletons (D)
  2 orcs (D)
  2 ball pythons (D)
  2 ball python zombies (D)
  A quokka skeleton (D)
82 creatures vanquished.

Vanquished Creatures (others)
  2 starspawn tentacles (D)
2 creatures vanquished.

Grand Total: 84 creatures vanquished

Notes
Turn   | Place    | Note
-------+----------+-------------------------------------------
     0 | D        | Revguard the Human Fighter began the quest for the Orb.
     0 | D        | Reached XP level 1. HP: 18/18 MP: 1/1
     0 | D        | Found a shimmering blue altar of Sif Muna.
     0 | D        | Found a bloodstained altar of Trog.
     0 | D        | Found a sacrificial altar of Ru.
     0 | D        | Found a stormy altar of Qazlal.
     0 | D        | Found an iron altar of Okawaru.
     1 | D        | Found a sparkling altar of Nemelex Xobeh.
     1 | D        | Found a blossoming altar of Fedhas.
     1 | D        | Found the +6 Majin-Bo {spellvamp, MP+6 Int+6}
     1 | D        | Found the +27 heavy crossbow "Sniper" {heavy, Acc+∞ SInv}
     1 | D        | Found the +10 dark maul {heavy}
     1 | D        | Found the +15 Maxwell's patent armour {-Cast -Tele rElec
                  | Will+ rCorr}
     1 | D        | Found the +18 shield of the Gong {Loud rN+ Will+ rCorr
                  | EV-5}
     1 | D        | Found the +16 obsidian axe {drain, demonic, Mesm Drain Fly
                  | SInv}
     1 | D        | Found the +7 great mace "Firestarter" {flame, immolate,
                  | rFlCloud rF++}
     1 | D        | Found the +6 shillelagh "Devastator" {shatter}
     1 | D        | Found the +11 plutonium sword {Contam Stlth-}
     1 | D        | Found the +8 lance "Wyrmbane" {slay drac, rPois rF+ rC+
                  | AC+3}
     1 | D        | Found the +9 sword of Zonguldrok {reap}
     1 | D        | Found the +13 scythe of Curses {drain, curses, Drain}
     1 | D        | Found the +9 sword of Power {lifebolt}
     1 | D        | Found the +7 mace of Variability {chaos, chaos arc}
     1 | D        | Found the +11 Singing Sword {sonic wave}
     1 | D        | Found the +8 storm bow {elec, penet}
     3 | D        | Found a transporter.
     3 | D        | Found an ancient bone altar of Kikubaaqudgha.
     3 | D        | Found a viscous altar of Jiyva.
     3 | D        | Found a corrupted altar of Lugonu.
     3 | D        | Found a hazy altar of Hepliaklqana.
     3 | D        | Found a burning altar of Makhleb.
     3 | D        | Found an opulent altar of Gozag.
    41 | D        | Became a worshipper of Zin the Law-Giver
    81 | D        | Reached skill level 4 in Fighting
    81 | D        | Reached XP level 2. HP: 25/25 MP: 2/4
    88 | D        | Entered arena 2.
    88 | D        | Noticed a merfolk
    88 | D        | Noticed a merfolk
    88 | D        | Found a transporter.
    91 | D        | Killed a merfolk
    92 | D        | Reached skill level 5 in Fighting
    92 | D        | Reached skill level 5 in Armour
    92 | D        | Reached skill level 5 in Shields
    92 | D        | Reached skill level 5 in Invocations
    92 | D        | Reached XP level 3. HP: 12/33 MP: 2/6
    92 | D        | Reached XP level 4. HP: 14/39 MP: 2/7
    92 | D        | Reached XP level 5. HP: 16/44 MP: 2/8
    92 | D        | Reached XP level 6. HP: 18/51 MP: 2/9
    92 | D        | Killed a merfolk
    93 | D        | Reached skill level 6 in Fighting
    93 | D        | Reached skill level 5 in Long Blades
    93 | D        | Reached skill level 5 in Dodging
    93 | D        | Reached skill level 5 in Evocations
    93 | D        | Reached XP level 7. HP: 22/58 MP: 3/11
    98 | D        | Got Aturol's Discursus on Hexing and Shapeshifting
   219 | D        | Entered arena 3.
   219 | D        | Found the +2 pair of slick slippers {slick, slippery, EV+4}
   219 | D        | Found a transporter.
   225 | D        | Reached * piety under Zin
   238 | D        | Entered arena 4.
   238 | D        | Noticed a hell hound
   238 | D        | Found a transporter.
   242 | D        | Killed a hell hound
   249 | D        | Reached skill level 7 in Fighting
   249 | D        | Reached XP level 8. HP: 67/67 MP: 13/13
   258 | D        | Entered arena 5.
   258 | D        | Found a transporter.
   278 | D        | Entered arena 6.
   278 | D        | Found a transporter.
   288 | D        | Got the ring "Angeh" {Int+4 SInv}
   296 | D        | Entered arena 7.
   296 | D        | Noticed a cyclops
   296 | D        | Noticed a merfolk
   296 | D        | Noticed a wind drake
   296 | D        | Noticed a wind drake
   296 | D        | Noticed a wind drake
   298 | D        | Found a transporter.
   303 | D        | Killed a merfolk
   303 | D        | Killed a wind drake
   304 | D        | Killed a wind drake
   305 | D        | Reached skill level 8 in Fighting
   305 | D        | Reached XP level 9. HP: 40/74 MP: 13/15
   307 | D        | Killed a wind drake
   309 | D        | Killed a cyclops
   425 | D        | Entered arena 8.
   425 | D        | Noticed Sigmund
   425 | D        | Noticed Jessica
   425 | D        | Noticed Blork the orc
   425 | D        | Noticed Crazy Yiuf
   425 | D        | Noticed Dowan
   425 | D        | Noticed Duvessa
   427 | D        | Found a transporter.
   429 | D        | Killed Jessica
   429 | D        | Killed Crazy Yiuf
   429 | D        | Killed Dowan
   431 | D        | Killed Duvessa
   433 | D        | Killed Blork the orc
   435 | D        | Killed Sigmund
   446 | D        | Got the ring "Suohoseck" {rF+ Will+}
   456 | D        | Entered arena 9.
   456 | D        | Noticed a black mamba
   457 | D        | Found a transporter.
   459 | D        | Killed a black mamba
   460 | D        | Reached skill level 9 in Fighting
   460 | D        | Reached XP level 10. HP: 83/83 MP: 16/16
   472 | D        | Got the ring "Rysmupit" {rElec Will+}
   474 | D        | Entered arena 10.
   474 | D        | Found the +3 robe of Clouds {*Thunder rCloud rElec}
   475 | D        | Found a transporter.
   480 | D        | Reached skill level 10 in Fighting
   499 | D        | Entered arena 11.
   500 | D        | Found a transporter.
   505 | D        | Reached ** piety under Zin
   529 | D        | Entered arena 12.
   529 | D        | Noticed a cyclops
   529 | D        | Noticed an orc knight
   530 | D        | Noticed a stone giant
   530 | D        | Noticed a two-headed ogre
   530 | D        | Identified the +6 mace "Icae" {venom, rC+}
   530 | D        | Noticed an orc sorcerer
   532 | D        | Found a transporter.
   536 | D        | Reached skill level 10 in Invocations
   538 | D        | Killed an orc knight
   539 | D        | Reached skill level 11 in Fighting
   539 | D        | Reached skill level 10 in Armour
   539 | D        | Reached skill level 10 in Shields
   540 | D        | Killed an orc sorcerer
   540 | D        | Killed a cyclops
   540 | D        | Killed a stone giant
   541 | D        | Reached skill level 10 in Long Blades
   541 | D        | Reached XP level 11. HP: 57/95 MP: 17/19
   545 | D        | Killed a two-headed ogre
   546 | D        | Reached skill level 12 in Fighting
   546 | D        | Reached skill level 10 in Dodging
   546 | D        | Reached skill level 10 in Evocations
   589 | D        | Entered arena 13.
   589 | D        | Found the +3 greatsling "Punk" {acid, rCorr}
   589 | D        | Noticed a thrashing horror
   589 | D        | Noticed a wretched star
   589 | D        | Noticed a tentacled starspawn
   589 | D        | Noticed a large abomination
   589 | D        | Noticed a cacodemon
   590 | D        | Noticed a worldbinder
   593 | D        | Reached *** piety under Zin
   594 | D        | Killed a thrashing horror
   595 | D        | Killed a tentacled starspawn
   596 | D        | Killed a large abomination
   596 | D        | Reached **** piety under Zin
   596 | D        | Killed a worldbinder
   597 | D        | Reached skill level 13 in Fighting
   597 | D        | Killed a cacodemon
   599 | D        | Killed a wretched star
   600 | D        | Reached XP level 12. HP: 105/106 MP: 18/21
   601 | D        | Found a transporter.
   666 | D        | Got the +2 helmet of the Sun {-Cast rF+ Str+2 Stlth+}
   682 | D        | Acquired a manual of Long Blades
   704 | D        | Entered arena 14.
   705 | D        | Noticed a spriggan berserker
   706 | D        | Noticed a spriggan air mage
   707 | D        | Found a transporter.
   712 | D        | Killed a spriggan air mage
   713 | D        | Reached skill level 14 in Fighting
   714 | D        | Slain by a spriggan berserker

Illustrated notes

Levels and vault maps discovered:
D:        sprint_v [room_start, room_1, room_2, room_3, room_4, room_5, room_6,
          room_7, room_8, room_9, room_10, room_11, room_12, room_13, room_14,
          room_15, room_16, room_17, room_18, room_19, room_20, room_21,
          room_22, room_23, room_24, room_25, room_26, room_27]

Skill      XL: |  1  2  3  4  5  6  7  8  9 10 11 12 |
---------------+-------------------------------------+-----
Fighting       | 4 5 6 7 8 9 11 13 14 | 14.3
Long Blades    | 3 4 5 6 7 8 10 11 12 | 12.2
Armour         | 4 5 6 8 9 10 11 | 11.9
Dodging        | 2 4 5 6 7 8 9 11 | 11.4
Shields        | 4 5 6 7 8 9 10 11 12 | 12.0
Invocations    | 2 5 6 8 9 10 12 | 12.5
Evocations     | 2 4 5 6 7 8 9 11 | 11.5

Action                     |  1- 3 |  4- 6 |  7- 9 | 10-12 || total
---------------------------+-------+-------+-------+-------++-------
  Melee: Double sword      |     2 |     1 |    36 |    37 ||    76
 Invoke: Recite            |       |       |     3 |     4 ||     7
         Vitalisation      |       |       |       |     1 ||     1
  Evoke: Condenser vane    |       |       |     1 |     2 ||     3
         Wand              |       |       |       |     2 ||     2
    Use: Potion            |     1 |       |     1 |     1 ||     3
         Scroll            |       |       |       |     1 ||     1
   Stab: Confused          |       |       |       |     1 ||     1
 Armour: Plate armour      |       |       |    27 |    29 ||    56
  Dodge: Dodged            |       |       |    10 |    11 ||    21
  Block: Kite shield       |     5 |       |    68 |    72 ||   145
